Map: Base du roi Sejong EC

Players

zidar - Winner!

  • Race: Zerg Zerg
  • League: Gold
  • Spawn Location: 5:00

zergimba

  • Race: Protoss Protoss
  • League: Platinum
  • Spawn Location: 11:00

VOD

Have the link to the VOD?

Description

Time

  • Played on: Oct. 19, 2016, 11:23 a.m.
  • Length: 11:44
Show
View Real Time Build Order
Export as new Build Order

zidar Zerg - Winner!

Build Orders: Hatch First 

Get SALT Encoding   

  12  0:01  Drone  
  13  0:12  Overlord  
  13  0:17  Drone  
  14  0:31  Drone x2  
  16  0:52  Hatchery  
  16  0:54  Drone  
  16  0:58  Extractor  
  16  1:00  Drone  
  16  1:32  Drone x3  
  19  1:51  Drone  
  20  2:34  Spawning Pool  
  19  3:17  Drone x3  
  22  3:21  Queen  
  24  3:29  Roach Warren  
  24  3:33  Zergling x2  
  24  3:34  Zergling x4  
  25  4:09  Roach  
  26  4:31  Spine Crawler  
  22  5:00  Roach x3  
  28  5:12  Spawning Pool  
  27  5:33  Ravager  
  27  5:34  Ravager  
  27  5:35  Ravager  
  28  5:56  Overlord x3  
  28  6:20  Roach x3  
  34  6:41  Ravager  
  34  6:42  Ravager  
  36  7:04  Roach x3  
  36  7:06  Roach  
  36  7:08  Queen  
  44  7:56  Extractor  
  44  7:57  Drone x3  
  43  8:26  Roach  
  43  8:27  Roach  
  47  8:32  Roach x2  
  51  8:35  Ravager  
  52  9:05  Overlord  
  52  9:06  Overlord x3  
  52  9:07  Overlord  
  52  9:23  Queen x2  
  36  10:27  Roach x9  
  54  10:29  Ravager  
  55  10:36  Queen  
  57  10:49  Ravager  
  55  10:50  Ravager x2  
  55  10:54  Ravager x2  
  55  10:55  Ravager  
  60  11:00  Ravager  
  61  11:08  Spore Crawler  
  61  11:10  Spore Crawler  
Show
View Real Time Build Order
Export as new Build Order

zergimba Protoss 

Build Orders: Cannon Rush 

Get SALT Encoding   

  12  0:02  Probe (Chrono Boost)  
  13  0:16  Pylon  
  13  0:35  Forge  
  13  0:49  Pylon  
  13  0:53  Probe (Chrono Boost)  
  14  1:04  Probe (Chrono Boost)  
  15  1:10  Photon Cannon  
  15  1:14  Probe (Chrono Boost)  
  15  1:16  Photon Cannon  
  16  1:25  Pylon  
  16  1:35  Pylon  
  16  1:37  Pylon  
  16  1:46  Photon Cannon  
  16  1:58  Photon Cannon  
  16  2:00  Photon Cannon  
  16  2:09  Photon Cannon  
  16  2:14  Photon Cannon  
  16  2:23  Pylon  
  16  2:27  Photon Cannon  
  16  2:33  Pylon  
  16  2:43  Photon Cannon  
  16  2:54  Photon Cannon  
  16  3:14  Pylon  
  16  3:25  Photon Cannon  
  16  3:32  Photon Cannon  
  16  3:35  Photon Cannon  
  16  3:49  Photon Cannon  
  16  3:56  Photon Cannon  
  16  4:08  Photon Cannon  
  16  4:21  Photon Cannon  
  16  4:30  Photon Cannon  
  16  4:38  Pylon  
  16  4:54  Assimilator  
  16  5:04  Gateway  
  16  5:08  Photon Cannon  
  16  5:29  Photon Cannon  
  16  5:34  Photon Cannon  
  16  5:39  Photon Cannon  
  16  6:07  Cybernetics Core  
  16  6:10  Gateway x2  
  16  6:23  Probe (Chrono Boost)  
  17  6:34  Probe (Chrono Boost)  
  18  6:44  Probe (Chrono Boost)  
  18  6:45  Stalker  
  21  6:49  Warp Gate (Chrono Boost)  
  21  6:55  Probe (Chrono Boost)  
  21  7:00  Stalker  
  24  7:02  Zealot  
  24  7:07  Probe  
  27  7:09  Assimilator  
  27  7:47  Stargate  
  27  8:16  Pylon  
  27  8:19  Pylon  
  27  8:30  Void Ray (Chrono Boost)  
  31  8:40  Mothership Core  
  33  9:06  Zealot x3  
  39  9:29  Pylon  
  39  9:34  Pylon  
  39  9:37  Void Ray (Chrono Boost)  
  37  9:40  Pylon  
  31  10:03  Zealot x2  
  31  10:36  Nexus  
  31  11:05  Gateway  
  31  11:06  Gateway  
  31  11:13  Pylon  
Tags
 
Add a new tag
Caveats
  • Supply blocks, unpowered buildings, or Contaminate may cause inaccurate times.
  • Supply counts are checked every 10 seconds.